 Dungeon Crawl Stone Soup version 0.30.1-11-g7821555f0a (webtiles) character file.

Game seed: 15810307633649683540

7212 GimliDwarf the Thaumaturge (level 11, -2/129 HPs)
             Began as a Gnoll Warper on Jan 5, 2024.
             Was a Believer of Wu Jian.
             Slain by an acid dragon (11 damage)
             ... on level 11 of the Dungeon.
             The game lasted 00:44:50 (11013 turns).

GimliDwarf the Thaumaturge (Gnoll Warper)          Turns: 11013, Time: 00:44:51

Health: -2/129     AC: 17    Str: 11    XL:     11   Next: 11%
Magic:  3/23       EV:  2    Int: 14    God:    Wu Jian [**....]
Gold:   659        SH:  0    Dex: 18    Spells: 11/26 levels left

rFire   . . .        a - +1 falchion
rCold   + + .        (no shield)
rNeg    + . .        b - melded +0 leather armour
rPois   +            x - melded +2 helmet
rElec   .            u - melded scarf {+Inv}
rCorr   .            (gloves currently unavailable)
SInv    +            s - melded +1 pair of boots
Will    .....        y - amulet of regeneration
Stlth   +++          h - ring of wizardry
HPRegen 1.21/turn    m - ring "Ejeynin" {rC++ rN+ Dex+4 SInv}
MPRegen 0.18/turn

%: wizardry (x1)
@: tree-form, corroded
A: stationary, stasis, torment immunity, boosted hp, (fangs 1), strong nose,
distributed training
a: Renounce Religion, Wall Jump


You were on level 11 of the Dungeon.
You worshipped Wu Jian.
Wu Jian was pleased with you.
You were a tree.
You visited 2 branches of the dungeon, and saw 12 of its levels.

You collected 659 gold pieces.

Inventory:

Hand Weapons
 a - a +1 falchion (weapon)
Missiles
 d - 9 boomerangs of dispersal
 f - 2 boomerangs
 j - 2 atropa-tipped darts
 q - 11 poisoned darts
 w - 3 silver javelins
 A - a throwing net
Armour
 b - a +0 leather armour (melded)
 l - a +0 cloak
 s - a +1 pair of boots (melded)
 u - a scarf of invisibility (melded)
 x - a +2 helmet (melded)
Jewellery
 h - a ring of wizardry (left branch)
 m - the ring "Ejeynin" (right branch) {rC++ rN+ Dex+4 SInv}
   (You found it on level 2 of the Dungeon)

   [ring of positive energy]

   Dex:       It affects your dexterity (+4).
   rC:        It greatly protects you from cold.
   rN:        It protects you from negative energy.
   SInv:      It lets you see invisible.
 p - an amulet of guardian spirit
 r - a +6 ring of dexterity
 y - an amulet of regeneration (around neck)
 F - an amulet of faith
 G - a ring of fire
Wands
 z - a wand of flame (28)
Scrolls
 c - a scroll of blinking
 e - 2 scrolls of teleportation
 v - 6 scrolls of identify
 E - a scroll of magic mapping
Potions
 g - 4 potions of lignification
 i - a potion of resistance
 k - a potion of haste
 n - 13 potions of curing
 o - 2 potions of magic
 t - a potion of cancellation
 B - a potion of flight
 D - a potion of ambrosia
 I - a potion of mutation


   Skills:
 + Level 7.8 Fighting
 + Level 6.2 Short Blades
 + Level 7.8 Long Blades
 + Level 6.2 Axes
 + Level 6.2 Maces & Flails
 + Level 6.2 Polearms
 + Level 6.2 Staves
 + Level 6.2 Ranged Weapons
 + Level 6.8 Throwing
 + Level 6.8 Armour
 + Level 7.8 Dodging
 + Level 6.2 Stealth
 + Level 6.2 Shields
 + Level 6.2 Unarmed Combat
 + Level 8.0 Spellcasting
 + Level 5.1 Conjurations
 + Level 5.1 Hexes
 + Level 5.1 Summonings
 + Level 5.1 Necromancy
 + Level 7.6 Translocations
 + Level 5.1 Transmutations
 + Level 5.1 Fire Magic
 + Level 5.1 Ice Magic
 + Level 5.1 Air Magic
 + Level 5.1 Earth Magic
 + Level 5.1 Poison Magic
 + Level 6.8 Invocations
 + Level 6.2 Evocations


You had 11 spell levels left.
You knew the following spells:

 Your Spells              Type           Power      Damage    Failure   Level
a - Blink                 Tloc           54%        N/A       1%          2
b - Vhi's Electric Charg  Tloc/Air       46%        N/A       1%          3
c - Manifold Assault      Tloc           27%        N/A       2%          4
d - Momentum Strike       Conj/Tloc      46%        3d9       1%          2
e - Mephitic Cloud        Conj/Pois/Air  20%        N/A       1%          3
f - Apportation           Tloc           54%        N/A       1%          1

Your spell library contained the following spells:

 Spells                   Type           Power      Damage    Failure   Level
 Magic Dart               Conj           80%        1d7       1%          1
 Necrotise                Necr           80%        1d8       1%          1
 Slow                     Hex            80%        N/A       1%          1
 Summon Small Mammal      Summ           80%        N/A       1%          1
 Call Imp                 Summ           40%        N/A       1%          2
 Lesser Beckoning         Tloc           54%        N/A       1%          2
 Sublimation of Blood     Necr           20%        N/A       1%          2
 Wereblood                Tmut           20%        N/A       1%          2
 Confusing Touch          Hex            20%        N/A       1%          3
 Ozocubu's Armour         Ice            20%        N/A       1%          3
 Teleport Other           Tloc           27%        N/A       1%          3
 Vampiric Draining        Necr           20%        2d7       1%          3
 Ozocubu's Refrigeration  Ice            10%        4d9       99%         7
 Summon Hydra             Summ           10%        N/A       99%         7
 Borgnjor's Revivificati  Necr           10%        N/A       100%        8
 Necromutation            Tmut/Necr      10%        N/A       100%        8
 Death's Door             Necr           10%        N/A       100%        9


Dungeon Overview and Level Annotations

Branches:
Dungeon (11/15)            Temple (1/1) D:7             Orc (0/2) D:9
   Lair: D:8-11

Altars:
Ashenzari
Cheibriados
Dithmenos
Elyvilon
Fedhas
Gozag
Hepliaklqana
Kikubaaqudgha
Makhleb
Nemelex Xobeh
Okawaru
Qazlal
Ru
Sif Muna
Trog
Uskayaw
Vehumet
Wu Jian
Xom
Yredelemnul
Zin
The Shining One

Shops:
D:6 *

Annotations:
D:8 Gastronok


Innate Abilities, Weirdness & Mutations

You are a tree.
Your roots penetrate the ground, keeping you stationary.
You cannot be teleported.
You are immune to unholy pain and torment.
Your maximum health is greatly increased.
Your equipment is partially melded.
((You have very sharp teeth.))
Your uncanny sense of smell can sniff out nearby items.
Your experience applies equally to all skills.


Message History

The acid dragon claws you but does no damage.
The orc hits you with a +2 hand axe of flaming.
* * * LOW HITPOINT WARNING * * *
The orc burns you.
* * * LOW HITPOINT WARNING * * *
Okay, then.
Casting: Manifold Assault (mildly dangerous; 2% risk of failure)
Press: ? - help, Q - select action, (/) - cycle Dir - look around, f - activate Space momentarily warps into an impossible shape!
You hit the orc. You closely miss the acid dragon.
The acid dragon bites you but does no damage.
The acid dragon barely misses you. The orc hits you but does no damage.
Casting: Manifold Assault (mildly dangerous; 2% risk of failure)
Press: ? - help, Q - select action, (/) - cycle Dir - look around, f - activate Space momentarily warps into an impossible shape!
You hit the orc. You hit the acid dragon. The acid dragon spits acid at you.
The splash of acid hits you!
* * * LOW HITPOINT WARNING * * *
The orc hits you but does no damage.
Casting: Manifold Assault (mildly dangerous; 2% risk of failure)
Press: ? - help, Q - select action, (/) - cycle Dir - look around, f - activate Space momentarily warps into an impossible shape!
You barely miss the orc. You closely miss the acid dragon.
The orc completely misses you. The acid dragon spits acid at you.
The splash of acid hits you!
* * * LOW HITPOINT WARNING * * *
Casting: Manifold Assault (mildly dangerous; 2% risk of failure)
Press: ? - help, Q - select action, (/) - cycle Dir - look around, f - activate Space momentarily warps into an impossible shape!
You hit the acid dragon. You slash the orc!
You kill the orc!
The Council accepts your kill. The acid dragon bites you!
You die...

#### .....####
#......<#
#.#####D#
#...♣#######.
#.#).........
##.....#######
#.......(..###
#..(....[....#####
#.#####(~~.......#
# #..........# ∆
#..~.......#
#.~........#


You could see an acid dragon (catching breath).

Vanquished Creatures
  2 two-headed ogres
  2 trolls (D:10)
  3 hornets
  A shadow (D:9)
  A wraith (D:8)
  6 yaks
  A steam dragon (D:8)
  A two-headed ogre zombie (D:9)
  Duvessa (D:5)
  A water moccasin (D:7)
  2 ice beasts
  2 sky beasts (D:6)
  2 black bears
  2 ogres
  8 centaurs
  A phantom (D:6)
  A kobold brigand (D:9)
  2 gnoll sergeants
  2 bullfrogs
  2 scorpions
  Dowan (D:5)
  3 wights (D:8)
  3 howler monkeys (D:10)
  3 hounds
  A gnoll bouda (D:9)
  4 orc priests
  3 jellies (D:6)
  Terence (D:2)
  2 sleepcaps (D:6)
  7 iguanas
  5 orc wizards
  7 ogre zombies (D:9)
  Robin (D:2)
  8 adders
  17 gnolls
  2 shadow imps
  A white imp (D:5)
  2 worms (D:2)
  A dart slug (D:3)
  23 orcs
  9 endoplasms
  A giant cockroach (D:3)
  2 hobgoblins
  3 jackals (D:5)
  3 quokkas
  9 ball pythons
  2 bats
  2 frilled lizards (D:3)
  12 goblins
  4 goblin zombies (D:9)
  A hobgoblin skeleton (D:9)
  3 hobgoblin zombies (D:9)
  10 kobolds
  5 orc skeletons (D:9)
  12 orc zombies (D:9)
  6 rats
222 creatures vanquished.

Vanquished Creatures (collateral kills)
  A gnoll (D:9)
1 creature vanquished.

Vanquished Creatures (others)
  A hornet (D:8)
  A shadow imp (D:6)
2 creatures vanquished.

Grand Total: 225 creatures vanquished

Notes
Turn   | Place    | Note
-------+----------+-------------------------------------------
     0 | D:1      | GimliDwarf the Gnoll Warper began the quest for the Orb.
     0 | D:1      | Reached XP level 1. HP: 20/20 MP: 6/6
   275 | D:1      | Reached XP level 2. HP: 24/26 MP: 7/7
   278 | D:1      | Learned a level 2 spell: Blink
  1037 | D:2      | Identified the ring "Ejeynin" {rC++ rN+ Dex+4 SInv}
  1063 | D:2      | Reached skill level 5 in Spellcasting
  1063 | D:2      | Reached XP level 3. HP: 29/31 MP: 7/9
  1368 | D:2      | Noticed Terence
  1375 | D:2      | Killed Terence
  1376 | D:2      | Reached skill level 1 in Short Blades
  1376 | D:2      | Reached skill level 1 in Axes
  1376 | D:2      | Reached skill level 1 in Maces & Flails
  1376 | D:2      | Reached skill level 1 in Polearms
  1376 | D:2      | Reached skill level 1 in Staves
  1376 | D:2      | Reached skill level 1 in Ranged Weapons
  1376 | D:2      | Reached skill level 1 in Stealth
  1376 | D:2      | Reached skill level 1 in Shields
  1376 | D:2      | Reached skill level 1 in Unarmed Combat
  1376 | D:2      | Reached skill level 1 in Invocations
  1376 | D:2      | Reached skill level 1 in Evocations
  1498 | D:2      | Reached XP level 4. HP: 38/38 MP: 11/11
  1512 | D:2      | Learned a level 3 spell: Vhi's Electric Charge
  1773 | D:2      | Noticed Robin
  1792 | D:2      | Killed Robin
  1793 | D:2      | Reached skill level 1 in Conjurations
  1793 | D:2      | Reached skill level 1 in Hexes
  1793 | D:2      | Reached skill level 1 in Summonings
  1793 | D:2      | Reached skill level 1 in Necromancy
  1793 | D:2      | Reached skill level 1 in Transmutations
  1793 | D:2      | Reached skill level 1 in Fire Magic
  1793 | D:2      | Reached skill level 1 in Ice Magic
  1793 | D:2      | Reached skill level 1 in Air Magic
  1793 | D:2      | Reached skill level 1 in Earth Magic
  1793 | D:2      | Reached skill level 1 in Poison Magic
  2675 | D:2      | Reached XP level 5. HP: 21/43 MP: 12/12
  3349 | D:4      | Noticed an ogre
  3365 | D:4      | Killed an ogre
  3366 | D:4      | Reached XP level 6. HP: 48/50 MP: 11/14
  3494 | D:4      | Reached skill level 5 in Fighting
  3494 | D:4      | Reached skill level 5 in Long Blades
  3494 | D:4      | Reached skill level 5 in Dodging
  3555 | D:4      | Learned a level 4 spell: Manifold Assault
  3558 | D:4      | Learned a level 2 spell: Momentum Strike
  4037 | D:5      | Entered Level 5 of the Dungeon
  4106 | D:5      | Noticed Dowan
  4109 | D:5      | Noticed Duvessa
  4131 | D:5      | Killed Duvessa
  4132 | D:5      | Reached XP level 7. HP: 46/56 MP: 15/15
  4141 | D:5      | Killed Dowan
  4950 | D:6      | Reached XP level 8. HP: 57/63 MP: 12/16
  5006 | D:6      | Reached skill level 6 in Spellcasting
  5290 | D:6      | Learned a level 3 spell: Mephitic Cloud
  5297 | D:6      | Found Guomaima's Assorted Antiques.
  5386 | D:6      | Found a glowing silver altar of Zin.
  5663 | D:6      | Reached XP level 9. HP: 37/69 MP: 14/18
  5980 | D:6      | Reached skill level 5 in Throwing
  5980 | D:6      | Reached skill level 5 in Armour
  5987 | D:6      | Found an ancient bone altar of Kikubaaqudgha.
  5994 | D:6      | Found a hazy altar of Hepliaklqana.
  6406 | D:7      | Noticed a hornet
  6421 | D:7      | Killed a hornet
  6496 | D:7      | Found a staircase to the Ecumenical Temple.
  6528 | Temple   | Entered the Ecumenical Temple
  6623 | Temple   | Became a worshipper of the Wu Jian Council
  6662 | D:7      | Reached skill level 5 in Invocations
  6998 | D:7      | Learned a level 1 spell: Apportation
  7321 | D:8      | Noticed Gastronok
  7372 | D:8      | Noticed a hornet
  7382 | D:8      | Paralysed by a hornet for 3 turns
  7388 | D:8      | Paralysed by a hornet for 3 turns
  7391 | D:8      | Killed a hornet
  7462 | D:8      | Reached skill level 7 in Spellcasting
  7912 | D:8      | Noticed a two-headed ogre
  7956 | D:8      | Killed a two-headed ogre
  7957 | D:8      | Reached skill level 5 in Short Blades
  7957 | D:8      | Reached skill level 5 in Axes
  7957 | D:8      | Reached skill level 5 in Maces & Flails
  7957 | D:8      | Reached skill level 5 in Polearms
  7957 | D:8      | Reached skill level 5 in Staves
  7957 | D:8      | Reached skill level 5 in Ranged Weapons
  7957 | D:8      | Reached skill level 5 in Stealth
  7957 | D:8      | Reached skill level 5 in Shields
  7957 | D:8      | Reached skill level 5 in Unarmed Combat
  7957 | D:8      | Reached skill level 5 in Evocations
  7957 | D:8      | Reached XP level 10. HP: 41/79 MP: 3/20
  8339 | D:9      | Found a staircase to the Orcish Mines.
  8669 | D:9      | Reached * piety under Wu Jian
  9193 | D:9      | Reached ** piety under Wu Jian
  9822 | D:10     | Entered Level 10 of the Dungeon
  9823 | D:10     | Noticed a two-headed ogre
  9844 | D:10     | Killed a two-headed ogre
  9989 | D:10     | Paralysed by a hornet for 1 turns
 10073 | D:10     | Found a stormy altar of Qazlal.
 10232 | D:10     | Noticed a cyclops
 10605 | D:11     | Noticed a cyclops
 10617 | D:11     | Reached skill level 5 in Conjurations
 10617 | D:11     | Reached skill level 5 in Hexes
 10617 | D:11     | Reached skill level 5 in Summonings
 10617 | D:11     | Reached skill level 5 in Necromancy
 10617 | D:11     | Reached skill level 5 in Transmutations
 10617 | D:11     | Reached skill level 5 in Fire Magic
 10617 | D:11     | Reached skill level 5 in Ice Magic
 10617 | D:11     | Reached skill level 5 in Air Magic
 10617 | D:11     | Reached skill level 5 in Earth Magic
 10617 | D:11     | Reached skill level 5 in Poison Magic
 10617 | D:11     | Reached XP level 11. HP: 75/85 MP: 2/22
 10636 | D:10     | Reached skill level 8 in Spellcasting
 11013 | D:11     | Slain by an acid dragon

Illustrated notes

Levels and vault maps discovered:
D:1:      denvon_arrival_planthouse, layout_loops_ring
D:2:      layout_basic, hangedman_feature_mirror, uniq_robin, uniq_terence
D:3:      layout_basic
D:4:      layout_loops_ring, serial_park_tiny_1, hangedman_decor_opposing,
          abandoned_shop
D:5:      layout_rooms, uniq_duvessa
D:6:      minmay_chambers_of_threes, layout_loops_ring,
          mainiacjoe_overflow_brackets, minitemple, serial_shops, shop,
          serial_bayou_pond_a, st_stairs_8, kennysheep_generic_room_14
D:7:      layout_cave_pools, minmay_temple_entry_trees, lemuel_flame_loot_1
D:8:      layout_rooms, minmay_misc_feat_five, uniq_gastronok
D:9:      layout_gridville, zombieorc2_lemuel
D:10:     layout_rooms, grunt_qazlal_sundering
D:11:     layout_loops_cross, dpeg_lair_monsters, minmay_misc_feat_rugged,
          chequers_serial_rivers_micro_c
Temple:   compressed_dpeg_circular_temple

Skill      XL: |  1  2  3  4  5  6  7  8  9 10 11 |
---------------+----------------------------------+-----
Spellcasting   | 5 6 7 8 |  8.0
Short Blades   | 1 2 3 5 6 |  6.2
Axes           | 1 2 3 5 6 |  6.2
Maces & Flails | 1 2 3 5 6 |  6.2
Polearms       | 1 2 3 5 6 |  6.2
Staves         | 1 2 3 5 6 |  6.2
Ranged Weapons | 1 2 3 5 6 |  6.2
Stealth        | 1 2 3 5 6 |  6.2
Shields        | 1 2 3 5 6 |  6.2
Unarmed Combat | 1 2 3 5 6 |  6.2
Invocations    | 1 2 3 4 5 6 |  6.8
Evocations     | 1 2 3 5 6 |  6.2
Conjurations   | 1 2 3 4 5 |  5.1
Hexes          | 1 2 3 4 5 |  5.1
Summonings     | 1 2 3 4 5 |  5.1
Necromancy     | 1 2 3 4 5 |  5.1
Transmutations | 1 2 3 4 5 |  5.1
Fire Magic     | 1 2 3 4 5 |  5.1
Ice Magic      | 1 2 3 4 5 |  5.1
Air Magic      | 1 2 3 4 5 |  5.1
Earth Magic    | 1 2 3 4 5 |  5.1
Poison Magic   | 1 2 3 4 5 |  5.1
Throwing       | 3 4 5 6 |  6.8
Armour         | 3 4 5 6 |  6.8
Fighting       | 5 6 7 |  7.8
Long Blades    | 5 6 7 |  7.8
Dodging        | 5 6 7 |  7.8
Translocations | 6 7 |  7.6

Action                     |  1- 3 |  4- 6 |  7- 9 | 10-12 || total
---------------------------+-------+-------+-------+-------++-------
  Melee: Falchion          |    65 |   176 |   427 |   360 ||  1028
         Bite              |     4 |    24 |    52 |    47 ||   127
         Punch             |     3 |     1 |     9 |    21 ||    34
  Throw: Javelin           |     5 |     6 |       |       ||    11
         Dart              |       |    13 |    33 |    34 ||    80
         Throwing net      |       |     1 |     2 |       ||     3
         Boomerang         |       |       |     4 |     6 ||    10
   Cast: Vhi's Electric Ch |       |    17 |    45 |    29 ||    91
         Blink             |       |     1 |     3 |     3 ||     7
         Manifold Assault  |       |       |     6 |    18 ||    24
         Mephitic Cloud    |       |       |    10 |    19 ||    29
         Apportation       |       |       |     7 |       ||     7
Ability: Lunge             |       |       |     3 |     6 ||     9
         Whirlwind         |       |       |       |    12 ||    12
         Wall Jump         |       |       |       |     5 ||     5
         Evoke Invisibilit |       |       |       |     1 ||     1
  Evoke: Wand              |       |       |     3 |     6 ||     9
    Use: Scroll            |       |    16 |     6 |     5 ||    27
         Potion            |       |       |     4 |     3 ||     7
   Stab: Sleeping          |       |     1 |       |       ||     1
         Invisible         |       |     1 |     2 |     3 ||     6
         Confused          |       |       |     3 |     8 ||    11
 Armour: Leather armour    |    13 |    66 |   135 |    69 ||   283
         Skin              |       |       |       |    30 ||    30
  Dodge: Dodged            |    46 |   167 |   339 |   213 ||   765
